 Dungeon Crawl Stone Soup version 0.29.0-11-gd7f09526c8 (webtiles) character file.

Game seed: 15996155912622579229

7 avis the Caller (level 1, 0/7 HPs)
             Began as a Felid Summoner on Sept 4, 2022.
             Slain by a bat (1 damage)
             ... on level 1 of the Dungeon.
             The game lasted 00:04:00 (969 turns).

avis the Caller (Felid Summoner)                     Turns: 969, Time: 00:04:00

Health: 0/7        AC:  1    Str:  4    XL:     1   Next: 91%
Magic:  2/4        EV: 17    Int: 16    God:
Gold:   26         SH:  0    Dex: 16    Spells: 3/4 levels left
                                        Lives:  0   Deaths: 0

rFire   . . .      SeeInvis +   (weapon unavailable)
rCold   . . .      Faith    .   (shield unavailable)
rNeg    . . .      Spirit   .   (body armour unavailable)
rPois   .          Reflect  .   (helmet unavailable)
rElec   .          Harm     .   (cloak unavailable)
rCorr   .          Rampage  .   (gloves unavailable)
Will    .....                   (boots unavailable)
Stlth   ++........              (no amulet)
HPRegen 0.02/turn               (no ring)
MPRegen 0.09/turn               (no ring)

@: quick
A: very small, claws 1, fangs 3, see invisible, speed 1, shaggy fur 1, stealthy
paws, no weapons or thrown items, no armour, multi-lived
a: no special abilities


You were on level 1 of the Dungeon.
You visited 1 branch of the dungeon, and saw 1 of its levels.

You collected 26 gold pieces.

Inventory:

Scrolls
 c - a scroll of vulnerability {unknown}
 e - a scroll of brand weapon {unknown}
Potions
 a - a potion of magic
 b - a potion of curing {unknown}
 d - 2 potions of degeneration {unknown}


   Skills:
 - Level 2.6 Dodging
 - Level 2.6 Stealth
 * Level 2.4 Spellcasting
 + Level 4.1 Summonings


You had 3 spell levels left.
You knew the following spells:

 Your Spells              Type           Power      Damage    Failure   Level
a - Summon Small Mammal   Summ           60%        N/A       3%          1

Your spell library contained the following spells:

 Spells                   Type           Power      Damage    Failure   Level
 Call Imp                 Summ           15%        N/A       5%          2
 Call Canine Familiar     Summ           15%        N/A       11%         3
 Summon Guardian Golem    Hex/Summ       8%         N/A       26%         3
 Summon Lightning Spire   Summ/Air       8%         N/A       63%         4


Dungeon Overview and Level Annotations

Branches:
Dungeon (1/15)

Altars:


Innate Abilities, Weirdness & Mutations

You have sharp claws.
You have razor-sharp teeth.
You have supernaturally acute eyesight. (SInv)
You cover ground quickly. (Speed+)
You are covered in fur. (AC +1)
Your paws help you pounce on unaware monsters.
You are incapable of wielding weapons or throwing items.
You cannot wear armour.
You gain extra lives every three experience levels.


Message History

You swap places.
The bat misses you.
You see here a ball python corpse.
You scratch the bat but do no damage.
The bat is moderately wounded.
The bat hits your rat but does no damage.
The bat closely misses you. The bat barely misses your rat. x2
The bat hits your rat but does no damage.
Your rat misses the bat. The bat barely misses your rat.
The bat barely misses you. The bat barely misses your rat.
Your rat barely misses the kobold.
Your rat misses the bat. The hobgoblin hits your rat.
Your rat dies!
Your rat's corpse disappears in a puff of smoke!
The bat barely misses your rat.
You scratch the goblin.
The goblin is severely wounded.
The bat hits your rat.
The bat hits your rat but does no damage.
Your rat closely misses the bat.
The goblin hits you with a +0 hand axe.
Ouch! That really hurt!
* * * LOW HITPOINT WARNING * * *
The goblin hits your rat with a +0 hand axe.
Your rat dies!
Your rat's corpse disappears in a puff of smoke!
The bat barely misses you. The bat hits you but does no damage.
The bat misses you. The bat closely misses you.
The bat hits you but does no damage. The bat attacks as you move away!
The bat closely misses you. The bat completely misses you.
The bat hits you but does no damage.
There is an open door here.
You closely miss the bat. Your claw misses the bat.
The bat is moderately wounded.
The bat closely misses you.
You scratch the bat.
You kill the bat!
The bat hits you.
You die...

#......†#### ##.#.#.#
#######g...# #....#.#.
#.##########......##
#g.##.............##
8###8#.B#######...#...###
.........g# #...#....#8
........#.# #...#....##
........#b# #...####.##
#8###8###@######...####.##
# ###................##8
8...
#.............#....###
#...#
#.............#....#.#
#...#
#.............#....#..
##...#
####.######......#.......
#8...8 #....#
#......#......#
#...###.####
#...##.####.#.# #.......#
#...##......#.#


You could see a giant cockroach, 2 hobgoblins, a goblin and a bat.

Vanquished Creatures
  2 bats (D:1)
  A frilled lizard (D:1)
3 creatures vanquished.

Vanquished Creatures (collateral kills)
  A ball python (D:1)
  2 endoplasms (D:1)
  A giant cockroach (D:1)
4 creatures vanquished.

Grand Total: 7 creatures vanquished

Notes
Turn   | Place    | Note
-------+----------+-------------------------------------------
     0 | D:1      | avis the Felid Summoner began the quest for the Orb.
     0 | D:1      | Reached XP level 1. HP: 7/7 MP: 4/4
   969 | D:1      | Slain by a bat

Illustrated notes

Levels and vault maps discovered:
D:1:      minmay_arrival_up_and_down, layout_basic, serial_corexii_hall,
          chequers_hall_statues_corner_a, corexii_hall_statues_deadend,
          corexii_hall_statues_l, corexii_hall_statues_x,
          corexii_hall_statues_x, chequers_hall_statues_corner_a,
          minmay_pentomino_w4

Action                   || total
-------------------------++-------
Melee: Unarmed           ||    24
       Punch             ||     1
 Cast: Summon Small Mamm ||     9
Armor: Skin              ||    13
Dodge: Dodged            ||    36
